 Dungeon Crawl Stone Soup version 0.30.1-11-g7821555f0a (webtiles) character file.

Game seed: 6624711946548633157

42 Groucho the Digger (level 3, -1/21 HPs)
             Began as a Gargoyle Earth Elementalist on Dec 5, 2023.
             Slain by Terence
             ... wielding a +2 mace of venom
              (7 damage)
             ... on level 1 of the Dungeon.
             The game lasted 00:05:14 (1477 turns).

Groucho the Digger (Gargoyle Earth Elementalist)    Turns: 1477, Time: 00:05:15

Health: -1/21      AC:  5    Str: 11    XL:     3   Next: 56%
Magic:  2/6        EV: 12    Int: 17    God:
Gold:   52         SH:  0    Dex: 10    Spells: 5/6 levels left

rFire   . . .        (no weapon)
rCold   . . .        (no shield)
rNeg    + . .        a - +0 robe
rPois   ∞            (no helmet)
rElec   +            (no cloak)
rCorr   .            (no gloves)
SInv    .            (no boots)
Will    .....        (no amulet)
Stlth   ++           (no ring)
HPRegen 0.23/turn    (no ring)
MPRegen 0.10/turn

%: no passive effects
@: no status effects
A: sickness immunity, AC +3, negative energy resistance 1, electricity
resistance, torment resistance 1, petrification resistance
a: no special abilities


You were on level 1 of the Dungeon.
You visited 1 branch of the dungeon, and saw 2 of its levels.

You collected 52 gold pieces.

Inventory:

Armour
 a - a +0 robe (worn)
Scrolls
 g - a scroll of noise {unknown}
 h - a scroll of amnesia {unknown}
Potions
 b - a potion of magic
 d - a potion of attraction {unknown}


   Skills:
 - Level 2.0 Fighting
 - Level 0.5 Maces & Flails
 - Level 2.0 Dodging
 - Level 2.1 Stealth
 - Level 0.2 Shields
 - Level 2.0 Spellcasting
 - Level 0.7 Transmutations
 + Level 4.2 Earth Magic


You had 5 spell levels left.
You knew the following spells:

 Your Spells              Type           Power      Damage    Failure   Level
a - Sandblast             Erth           32%        2d9       3%          1

Your spell library contained the following spells:

 Spells                   Type           Power      Damage    Failure   Level
 Passwall                 Tmut/Erth      8%         N/A       11%         2
 Stone Arrow              Conj/Erth      16%        3d8       24%         3
 Blink                    Tloc           2%         N/A       28%         2
 Lesser Beckoning         Tloc           2%         N/A       28%         2
 Momentum Strike          Conj/Tloc      2%         3d8       28%         2
 Petrify                  Tmut/Erth      10%        N/A       56%         4


Dungeon Overview and Level Annotations

Branches:
Dungeon (2/15)

Altars:

Annotations:
D:1 Terence


Innate Abilities, Weirdness & Mutations

You are immune to sickness and miasma.
Your stone body is resilient. (AC +3)
You are immune to poison.
You resist negative energy. (rN+)
You are resistant to electric shocks. (rElec)
You are resistant to unholy torment.
You are immune to petrification.


Message History

Aim: Terence, wielding a +2 mace of venom and wearing a +0 scale mail (lightly wounded, 84% to hit)
The blast of sand hits Terence but does no damage.
Terence is lightly wounded.
Terence hits you with a +2 mace of venom.
Unknown command.
Unknown command.
Aiming: Sandblast (safe; 3% risk of failure)
Press: ? - help, Q - select action Shift-Dir - straight line, f/p - Terence
Aim: Terence, wielding a +2 mace of venom and wearing a +0 scale mail (lightly wounded, 84% to hit)
The blast of sand hits Terence but does no damage.
Terence is lightly wounded.
Terence hits you with a +2 mace of venom.
Terence barely misses you.
Unknown command.
Unknown command.
Okay, then.
Terence attacks as you move away!
Terence hits you with a +2 mace of venom.
* * * LOW HITPOINT WARNING * * *
Terence attacks as you move away!
Terence hits you with a +2 mace of venom.
* * * LOW HITPOINT WARNING * * *
Unknown command.
Unknown command.
Aiming: Sandblast (safe; 3% risk of failure)
Press: ? - help, Q - select action Shift-Dir - straight line, f/p - Terence
Aim: Terence, wielding a +2 mace of venom and wearing a +0 scale mail (84% to hit)
The blast of sand hits Terence.
Terence is lightly wounded.
Terence screams, "I want your blood!" Terence closely misses you.
Unknown command.
Aiming: Sandblast (safe; 3% risk of failure)
Press: ? - help, Q - select action Shift-Dir - straight line, f/p - Terence
Aim: Terence, wielding a +2 mace of venom and wearing a +0 scale mail (lightly wounded, 84% to hit)
The blast of sand hits Terence but does no damage.
Terence is lightly wounded.
Terence barely misses you.
Terence hits you with a +2 mace of venom!
You die...

..#.#.#.............†.>#
#...#........#########.#
#.#.#.#......# #.#
..#...#.....## #.#
#.#.#.#####+####### #.#
#...#.............# #.#
..#.#.#...........####.#
.##...#.........(......#
....#.#.........@@.....#
##.##..)..........####.#
....[.#...........# #.#
.###.######+#.....# #.#
##....#####.#.#.#.# #.#
##........#.#.#.#.# #.#
##...####.#.#.#.#.## #.#
###### #.#.#.#.#..###.#
# #.#...#.##...#.#


You could see Terence.

Vanquished Creatures
  A dart slug (D:1)
  7 ball pythons (D:1)
  5 endoplasms (D:1)
  4 goblins
  3 hobgoblins (D:1)
  2 jackals (D:1)
  2 kobolds (D:1)
  A quokka (D:1)
  4 bats (D:1)
  6 rats (D:1)
35 creatures vanquished.

Notes
Turn   | Place    | Note
-------+----------+-------------------------------------------
     0 | D:1      | Groucho the Gargoyle Earth Elementalist began the quest for
                  | the Orb.
     0 | D:1      | Reached XP level 1. HP: 10/10 MP: 3/3
    84 | D:1      | Reached skill level 1 in Fighting
   115 | D:1      | Reached XP level 2. HP: 16/16 MP: 0/5
   341 | D:1      | Reached skill level 4 in Earth Magic
   341 | D:1      | Reached XP level 3. HP: 21/21 MP: 3/6
  1052 | D:2      | Noticed Terence
  1069 | D:2      | HP: 1/21 [Terence/+2 mace of venom (7)]
  1477 | D:1      | Slain by Terence

Illustrated notes

Levels and vault maps discovered:
D:1:      mrwooster_arrival_statue_3, layout_basic,
          nicolae_concentric_dashed_squares_wild
D:2:      layout_loops_ring, uniq_jessica, uniq_terence

Skill      XL: |  1  2  3 |
---------------+----------+-----
Fighting       | 1 2 |  2.0
Earth Magic    | 4 |  4.2
Dodging        | 2 |  2.0
Maces & Flails | |  0.5
Stealth        | |  2.1
Shields        | |  0.2
Spellcasting   | |  2.0
Transmutations | |  0.7

Action                     || total
---------------------------++-------
  Melee: Unarmed           ||     6
   Cast: Sandblast         ||    55
    Use: Scroll            ||     2
         Potion            ||     2
 Armour: Robe              ||     3
  Dodge: Dodged            ||    21
